Map: [ESL] Altitude

Players

Creator

  • Race: Protoss Protoss

Reynor - Winner!

  • Race: Zerg Zerg

Event: IEM Katowice 2023

VOD

Have the link to the VOD?

Description

Time

  • Played on: Feb. 11, 2023, 6:22 a.m.
  • Length: 10:50

All games in this series

Show
View Real Time Build Order
Export as new Build Order

Creator Protoss 

Build Orders: 1 Gate Expand, Blink Stalkers 

Get SALT Encoding   

  12  0:00  Probe  
  13  0:12  Probe  
  14  0:19  Pylon  
  14  0:24  Probe  
  15  0:37  Probe (Chrono Boost)  
  15  0:38  Gateway  
  16  0:47  Assimilator, Probe (Chrono Boost)  
  17  0:52  Probe (Chrono Boost)  
  18  1:03  Probe  
  19  1:16  Probe  
  20  1:24  Nexus  
  20  1:33  Cybernetics Core  
  20  1:37  Probe  
  21  1:43  Assimilator  
  21  1:49  Probe  
  21  1:52  Pylon  
  22  2:01  Probe  
  22  2:07  Adept (Chrono Boost)  
  23  2:13  Probe  
  26  2:20  Warp Gate  
  26  2:25  Probe (Chrono Boost)  
  27  2:30  Stalker  
  27  2:36  Twilight Council  
  27  2:37  Probe (Chrono Boost)  
  30  2:38  Probe (Chrono Boost)  
  31  2:46  Probe x2 (Chrono Boost)  
  31  2:51  Probe (Chrono Boost)  
  33  2:52  Probe  
  35  3:03  Probe  
  35  3:04  Probe  
  37  3:10  Blink (Chrono Boost)  
  37  3:15  Probe  
  37  3:16  Probe  
  37  3:18  Robotics Facility  
  39  3:23  Gateway  
  39  3:27  Probe  
  39  3:28  Probe  
  39  3:33  Gateway  
  41  3:39  Probe  
  41  3:40  Probe  
  43  3:42  Gateway  
  43  3:50  Pylon  
  43  3:53  Gateway x2  
  43  3:55  Probe  
  44  4:01  Assimilator  
  44  4:03  Warp Prism (Chrono Boost)  
  44  4:08  Probe  
  47  4:13  Stalker  
  49  4:17  Stalker  
  49  4:19  Probe  
  49  4:24  Pylon  
  53  4:34  Pylon  
  53  4:36  Observer  
  53  4:41  Pylon  
  53  4:50  Stalker x2  
  53  4:51  Stalker x2  
  61  4:52  Stalker  
  61  4:53  Stalker  
  61  4:58  Pylon  
  65  5:03  Pylon  
  65  5:17  Zealot x3  
  65  5:18  Stalker x2  
  65  5:20  Stalker  
  77  5:38  Zealot, Stalker x2  
  77  5:41  Pylon  
  77  5:42  Stalker  
  84  5:44  Zealot  
  84  5:46  Stalker  
  88  5:58  Pylon  
  88  5:59  Stalker  
  88  6:03  Stalker  
  92  6:06  Zealot  
  92  6:07  Stalker  
  96  6:12  Zealot, Stalker  
  100  6:22  Pylon  
  100  6:24  Stalker  
  102  6:31  Zealot x2  
  102  6:37  Stalker x2  
  102  6:39  Stalker  
  100  6:42  Observer  
  101  6:48  Stalker  
  101  6:54  Stalker  
  101  6:55  Stalker  
  101  6:58  Pylon  
  101  7:00  Stalker  
  107  7:01  Stalker  
  107  7:06  Stalker  
  111  7:16  Stalker  
  111  7:17  Stalker  
  111  7:20  Stalker  
  115  7:23  Stalker  
  115  7:28  Stalker  
  119  7:31  Pylon  
  119  7:32  Zealot  
  119  7:44  Stalker x2  
  119  7:46  Stalker  
  125  7:52  Stalker  
  125  7:59  Stalker  
  125  8:00  Zealot  
  127  8:08  Pylon, Stalker  
  129  8:13  Adept  
  129  8:14  Stalker  
  133  8:28  Stalker x2  
  133  8:31  Pylon  
  133  8:32  Zealot x2  
  141  8:39  Stalker  
  141  8:40  Stalker  
  135  8:56  Stalker x2  
  135  8:58  Stalker  
  135  8:59  Zealot  
  141  9:07  Zealot, Stalker  
  141  9:19  Stalker x2  
  141  9:22  Stalker  
  147  9:30  Adept  
  127  9:42  Stalker x2  
  103  9:49  Stalker x2  
  103  9:50  Zealot  
  51  10:12  Stalker x2  
Show
View Real Time Build Order
Export as new Build Order

Reynor Zerg - Winner!

Build Orders: Hatch First 

Get SALT Encoding   

  12  0:00  Drone  
  13  0:12  Overlord  
  13  0:17  Drone  
  14  0:30  Drone x2  
  16  0:49  Hatchery  
  15  0:52  Drone  
  15  0:56  Drone  
  17  0:59  Drone  
  18  1:09  Extractor  
  17  1:14  Spawning Pool  
  17  1:18  Drone  
  17  1:21  Drone  
  18  1:27  Drone  
  19  1:38  Drone  
  20  1:48  Overlord  
  20  2:01  Drone, Queen  
  20  2:02  Drone, Queen  
  26  2:12  Zergling x4  
  26  2:14  Metabolic Boost  
  28  2:21  Drone  
  28  2:22  Drone  
  30  2:32  Drone  
  30  2:33  Drone  
  32  2:45  Drone, Hatchery  
  32  2:46  Overlord  
  32  2:53  Drone  
  32  2:54  Drone  
  32  2:57  Queen  
  36  3:04  Queen  
  38  3:05  Drone  
  38  3:09  Overlord  
  38  3:11  Drone  
  40  3:13  Drone  
  40  3:15  Drone  
  40  3:17  Drone  
  40  3:19  Drone  
  44  3:26  Overlord  
  44  3:28  Drone  
  44  3:33  Queen  
  47  3:37  Drone  
  47  3:39  Drone  
  49  3:41  Queen  
  52  3:48  Drone  
  52  3:55  Zergling x8  
  56  3:57  Zergling x2  
  56  3:58  Spore Crawler  
  56  4:03  Zergling x2  
  56  4:04  Roach Warren  
  56  4:06  Zergling x4  
  56  4:09  Queen  
  60  4:10  Overlord  
  60  4:14  Zergling x4  
  62  4:17  Overlord  
  62  4:30  Drone x3  
  65  4:31  Drone  
  65  4:32  Overlord  
  65  4:33  Extractor  
  65  4:36  Drone x4  
  69  4:40  Overlord  
  69  4:46  Drone  
  69  4:48  Spore Crawler  
  70  4:53  Drone x3  
  70  4:55  Drone x2  
  70  4:56  Extractor  
  74  5:02  Roach x4  
  74  5:05  Overlord  
  74  5:06  Roach x2, Zergling x2  
  86  5:12  Overlord  
  86  5:13  Overlord  
  86  5:19  Overlord  
  86  5:24  Ravager x3  
  86  5:26  Zergling x2  
  86  5:27  Overlord  
  90  5:32  Zergling x12  
  95  5:36  Ravager  
  95  5:38  Zergling x2  
  95  5:39  Queen, Zergling x2  
  95  5:41  Zergling x4  
  95  5:42  Zergling x2  
  103  5:43  Ravager  
  103  5:46  Drone  
  105  5:56  Zergling x12  
  105  5:57  Queen  
  108  5:59  Overlord  
  108  6:06  Roach  
  108  6:07  Roach  
  108  6:10  Roach  
  111  6:15  Roach  
  114  6:19  Roach  
  114  6:20  Roach  
  114  6:21  Queen  
  114  6:23  Roach x2  
  114  6:24  Roach x2  
  118  6:33  Roach x2  
  118  6:34  Roach  
  118  6:39  Ravager  
  112  6:41  Roach  
  112  6:45  Roach, Zergling x2  
  117  6:50  Zergling x2  
  117  6:51  Drone  
  117  6:52  Drone  
  120  6:54  Drone x2  
  120  6:56  Lair, Zergling x2  
  120  6:58  Queen  
  120  6:59  Spine Crawler  
  124  7:05  Roach x2  
  124  7:06  Zergling x2  
  129  7:11  Ravager  
  129  7:13  Overlord x2, Extractor  
  129  7:15  Overlord  
  127  7:18  Roach  
  127  7:20  Overlord  
  127  7:24  Zergling x8  
  127  7:25  Ravager  
  127  7:28  Overlord  
  129  7:31  Queen  
  129  7:32  Overlord  
  129  7:36  Zergling x8  
  133  7:37  Queen  
  133  7:39  Zergling x2  
  133  7:42  Roach  
  132  7:44  Roach  
  132  7:50  Roach x2, Zergling x2  
  134  7:52  Ravager x2  
  134  7:56  Drone x3  
  136  8:03  Roach  
  136  8:05  Glial Reconstitution  
  134  8:08  Roach, Zergling x2  
  131  8:17  Roach x3  
  138  8:20  Roach x2, Zergling x14  
  141  8:30  Roach x3  
  139  8:42  Roach x3  
  139  8:48  Roach x6  
  156  8:54  Roach x3  
  159  8:58  Roach  
  159  9:01  Roach x2  
  164  9:05  Roach x2, Zergling x2  
  167  9:15  Roach  
  167  9:16  Roach x3, Zergling x8  
  175  9:20  Roach  
  175  9:24  Overlord  
  165  9:31  Roach x2  
  165  9:35  Roach  
  165  9:38  Roach  
  164  9:41  Roach  
  164  9:43  Roach x2  
  136  9:46  Roach x2  
  136  9:49  Roach x2  
  125  9:56  Roach x4  
  125  9:57  Zergling x2  
  134  10:01  Roach, Zergling x2  
  131  10:07  Roach x2  
  131  10:10  Roach  
  131  10:12  Roach  
  131  10:13  Zergling x2  
  132  10:14  Zergling x2  
  132  10:19  Roach, Zergling x2  
  126  10:24  Roach x2  
  121  10:30  Roach  

Tags
 
Add a new tag
Caveats
  • Supply blocks, unpowered buildings, or Contaminate may cause inaccurate times.
  • Supply counts are checked every 10 seconds.